 Dungeon Crawl Stone Soup version 0.20.0-15-g7f486f2 (webtiles) character file.

121 blackwizard the Digger (level 4, -2/39 HPs)
             Began as a Troll Earth Elementalist on June 15, 2017.
             Slain by an orc wizard
             ... wielding a +0 dagger
              (4 damage)
             ... on level 4 of the Dungeon.
             The game lasted 00:10:45 (2107 turns).

blackwizard the Digger (Troll Earth Elementalist)   Turns: 2107, Time: 00:10:46

Health: -2/39      AC:  6    Str: 16    XL:     4   Next: 76%
Magic:  0/5        EV:  7    Int: 12    God:
Gold:   149        SH:  6    Dex: 10    Spells: 5/6 levels left

rFire    . . .     SeeInvis .   j - +0 short sword
rCold    . . .     Gourm    +   v - +0 shield
rNeg     . . .     Faith    .   c - +0 robe
rPois    .         Spirit   .   (helmet restricted)
rElec    .         Reflect  .   B - +0 cloak
rCorr    +         Harm     .   (gloves unavailable)
MR       .....                  (boots unavailable)
Stlth    +.........             (no amulet)
Regen    0.6/turn               g - ring of resist corrosion
MPRegen  0.1/turn               w - ring of wizardry

@: no status effects
A: unfitting armour, claws 3, fast metabolism 3, gourmand, regeneration 1,
shaggy fur 1, tough skin 2
a: no special abilities


You were on level 4 of the Dungeon.
You were not hungry.

You visited 1 branch of the dungeon, and saw 4 of its levels.

You collected 149 gold pieces.

Inventory:

Hand Weapons
 j - a +0 short sword (weapon)
 k - a +0 mace
 u - a +2 war axe of chopping
 C - a +0 rapier
 E - a +0 quarterstaff
Missiles
 a - 26 sling bullets
 b - 112 stones (quivered)
 f - 46 arrows
 p - 32 poisoned needles
 z - a throwing net
Armour
 c - a +0 robe (worn)
 v - a +0 shield (worn)
 B - a +0 cloak (worn)
Jewellery
 g - a ring of resist corrosion (left claw)
 w - a ring of wizardry (right claw)
Scrolls
 i - 3 scrolls of teleportation {unknown}
 l - 2 scrolls of enchant weapon {unknown}
 n - 2 scrolls of remove curse {unknown}
 q - 2 scrolls of enchant armour {unknown}
 s - a scroll of recharging {unknown}
 t - a scroll of random uselessness {unknown}
 y - 3 scrolls of identify {unknown}
 A - a scroll of blinking {unknown}
Potions
 h - a potion of berserk rage {unknown}
 r - a potion of lignification {unknown}
 x - a potion of mutation {unknown}
 D - a potion of agility {unknown}
 F - a potion of brilliance {unknown}
Books
 e - a book of Geomancy

   Spells                             Type                      Level
   a - Sandblast                      Earth                        1
   b - Passwall                       Transmutation/Earth          2
   c - Stone Arrow                    Conjuration/Earth            3
   d - Petrify                        Transmutation/Earth          4
   e - Lee's Rapid Deconstruction     Earth                        5
Comestibles
 d - 3 bread rations
 m - 2 chunks of flesh
 o - 6 fruits


   Skills:
 + Level 0.1 Fighting
 + Level 0.2 Short Blades
 + Level 2.1 Dodging
 + Level 1.1 Stealth
 + Level 0.2 Shields
 + Level 1.8 Spellcasting
   Level 0.6 Transmutations
 + Level 4.0 Earth Magic


You had 5 spell levels left.
You knew the following spells:

 Your Spells              Type           Power        Failure   Level  Hunger
a - Sandblast             Erth           ##....       14%         1    ##.....


Dungeon Overview and Level Annotations

Branches:
Dungeon (4/15)
 Temple: D:4-7

Altars:


Innate Abilities, Weirdness & Mutations

You are too large for most types of armour.
You have claws for hands.
Your metabolism is lightning-fast.
You like to eat raw meat.
Your natural rate of healing is unusually fast.
You are covered in fur. (AC +1)
You have very tough skin. (AC +2)


Message History

The orc priest is lightly wounded.
The orc priest invokes the aid of Beogh against you.
Beogh smites you!
* * * LOW HITPOINT WARNING * * *
Something hits you but does no damage. The orc hits you but does no damage.
The orc priest hits you but does no damage.
Something hits you but does no damage.
Casting: Sandblast
Confirm with . or Enter, or press ? or * to list all spells.
Aiming: Sandblast
Press: ? - help, Shift-Dir - straight line, f/p - orc priest
Aim: an orc priest, wearing a scale mail (lightly wounded)
The blast of sand hits the orc priest.
The orc priest is lightly wounded.
b - 112 stones An orc wizard appears from thin air!
Reactivating autopickup.
The orc hits you but does no damage. The orc priest closely misses you.
The orc wizard hits you with a dagger.
You die...

##.#
#..#
#..##
#...#
#...##
##...##
##...##
###.o##
##o@##
##o.##
#...#
##..#
#..#
##.#
##.#
#..#
#.##


You could see an orc priest, an orc wizard and an orc.

Vanquished Creatures
  An orc wizard (D:4)
  4 adders (D:2)
  A worm (D:2)
  A dart slug (D:2)
  4 leopard geckos
  2 giant cockroaches (D:1)
  6 goblins
  2 hobgoblins (D:2)
  3 jackals (D:3)
  4 kobolds
  A quokka (D:3)
  6 bats
  4 frilled lizards
  2 leopard gecko skeletons (D:3)
  9 rats
50 creatures vanquished.

Notes
Turn   | Place    | Note
-------+----------+-------------------------------------------
     0 | D:1      | blackwizard the Troll Earth Elementalist began the quest for the Orb.
     0 | D:1      | Reached XP level 1. HP: 16/16 MP: 1/1
   327 | D:1      | Reached XP level 2. HP: 24/24 MP: 0/3
   342 | D:1      | Reached skill level 3 in Earth Magic
   746 | D:1      | You fall through a shaft!
   791 | D:2      | Reached XP level 3. HP: 19/31 MP: 1/4
  1258 | D:2      | Reached XP level 4. HP: 39/39 MP: 3/5
  1982 | D:3      | Reached skill level 4 in Earth Magic
  2106 | D:4      | HP: 1/39 [orc priest/divine providence (13)]
  2107 | D:4      | Slain by an orc wizard

Skill      XL: |  1  2  3  4 |
---------------+-------------+-----
Earth Magic    | 3 4 |  4.0
Dodging        | 2 |  2.1
Fighting       | |  0.1
Short Blades   | |  0.2
Stealth        | |  1.1
Shields        | |  0.2
Spellcasting   | |  1.8
Transmutations | |  0.6

Action                   |  1- 3 |  4- 6 || total
-------------------------+-------+-------++-------
Melee: Short sword       |    32 |    73 ||   105
 Cast: Sandblast         |    32 |    34 ||    66
  Eat: Chunk             |     5 |     9 ||    14
       Bread ration      |     1 |       ||     1
Armor: Robe              |    24 |    60 ||    84
Dodge: Dodged            |    50 |    52 ||   102
Block: Shield            |       |    45 ||    45
